3AAA
BLOOMINGTON LONGNECKS @ SCRANTON SUPERNOVAS
06/06/2025
 
TOP OF THE 1ST
Bloomington Longnecks batting - Pitching for Scranton Supernovas : RHP Roberto Calderón
Pitching: RHP Roberto Calderón
Batting: LHB John Ennis 0-0: Foul Ball, location: 2F
0-1: Called Strike
0-2: Foul Ball, location: 2F
0-2: Foul Ball, location: 2F
0-2: Strikes out looking
Batting: LHB Gabriel Díaz 0-0: Ball
1-0: Swinging Strike
1-1: Ball
2-1: Ball
3-1: Foul Ball, location: 2F
3-2: Foul Ball, location: 2F
3-2: SINGLE (Flyball, 6MD)
Batting: RHB Darrell Terwey 0-0: Called Strike
0-1: Called Strike
Gabriel Díaz steals 2nd base
0-2: Ball
1-2: DOUBLE (Line Drive, 78D)
Gabriel Díaz scores
Batting: RHB José López 0-0: Ball
1-0: Ground out 5-3 (Groundball, 56)
Batting: LHB Ray Anderson 0-0: Ball
Balk!
Darrell Terwey to third
1-0: Ball
2-0: Ball
3-0: Called Strike
3-1: Base on Balls
Batting: RHB Roberto Alonzo 0-0: Fly out, F7 (Flyball, 78M)
Top of the 1st over - 1 run(s), 2 hit(s), 0 error(s), 2 left on base; Bloomington 1 - Scranton 0
BOTTOM OF THE 1ST
Scranton Supernovas batting - Pitching for Bloomington Longnecks : LHP Jim Unknown
Pitching: LHP Jim Unknown
Batting: RHB Arturo Maldonado 0-0: Ball
1-0: Swinging Strike
1-1: Swinging Strike
1-2: Ball
2-2: SINGLE (Flyball, 9S)
Batting: SHB Alonso Solís 0-0: Foul Ball, location: 2F
0-1: Ball
1-1: Ball
2-1: Foul Ball, location: 2F
2-2: Foul Ball, location: 2F
2-2: Ball
3-2: Foul Ball, location: 2F
3-2: Fly out, F8 (Line Drive, 8RD)
Runner from 1st tags up, SAFE at 2nd
Batting: LHB Francisco Ortega 0-0: Called Strike
0-1: Swinging Strike
0-2: Ground out U3 (Groundball, 34)
Arturo Maldonado to third
Batting: RHB Pedro Rivera 0-0: Called Strike
0-1: Foul Ball, location: 2F
0-2: SINGLE (Line Drive, 7S)
Arturo Maldonado scores
Batting: RHB Arturo Rochel 0-0: Called Strike
0-1: Fly out, F7 (Flyball, 7)
Bottom of the 1st over - 1 run(s), 2 hit(s), 0 error(s), 1 left on base; Bloomington 1 - Scranton 1
TOP OF THE 2ND
Bloomington Longnecks batting - Pitching for Scranton Supernovas : RHP Roberto Calderón
Batting: RHB Micheal Murdoch 0-0: Fly out, F7 (Flyball, 7)
Batting: RHB Noriaki Okada 0-0: Called Strike
0-1: Ball
1-1: Ground out 3-1 (Groundball, 34)
Batting: RHB Grady Walkinshaw 0-0: Ground out 6-3 (Groundball, 6)
Top of the 2nd over - 0 run(s), 0 hit(s), 0 error(s), 0 left on base; Bloomington 1 - Scranton 1
BOTTOM OF THE 2ND
Scranton Supernovas batting - Pitching for Bloomington Longnecks : LHP Jim Unknown
Batting: RHB Xavier Águila 0-0: Called Strike
0-1: Ball
1-1: Foul Ball, location: 2F
1-2: Ground out 6-3 (Groundball, 6)
Batting: RHB Henrique Shearman 0-0: Called Strike
0-1: Ball
1-1: Called Strike
1-2: Ball
2-2: SINGLE (Flyball, 4MD)
Batting: RHB Keith MacKey 0-0: Swinging Strike
0-1: DOUBLE (Line Drive, 9LM)
Henrique Shearman to third
Batting: RHB Marty Hayden 0-0: Ground out 5-3 (Groundball, 5)
Batting: RHB Arturo Maldonado 0-0: Reached on error, E2 (Groundball, 2R)
Henrique Shearman scores
Keith MacKey scores
Batting: SHB Alonso Solís 0-0: Fly out, F9 (Flyball, 9S)
Bottom of the 2nd over - 2 run(s), 2 hit(s), 1 error(s), 1 left on base; Bloomington 1 - Scranton 3
TOP OF THE 3RD
Bloomington Longnecks batting - Pitching for Scranton Supernovas : RHP Roberto Calderón
Batting: LHB John Ennis 0-0: Ground out 1-3 (Groundball, 13)
Batting: LHB Gabriel Díaz 0-0: Called Strike
0-1: Foul Ball, location: 2F
0-2: Fly out, F9 (Flyball, 9S)
Batting: RHB Darrell Terwey 0-0: Ball
1-0: Ball
2-0: Foul Ball, location: 2F
2-1: Ball
3-1: DOUBLE (Line Drive, 8RXD)
Batting: RHB José López 0-0: Called Strike
0-1: Ball
1-1: Swinging Strike
1-2: Strikes out swinging
Top of the 3rd over - 0 run(s), 1 hit(s), 0 error(s), 1 left on base; Bloomington 1 - Scranton 3
BOTTOM OF THE 3RD
Scranton Supernovas batting - Pitching for Bloomington Longnecks : LHP Jim Unknown
Batting: LHB Francisco Ortega 0-0: Ground out 4-3 (Groundball, 4)
Batting: RHB Pedro Rivera 0-0: Called Strike
0-1: Ground out 4-3 (Groundball, 4M)
Batting: RHB Arturo Rochel 0-0: SINGLE (Groundball, 56S) (infield hit)
Batting: RHB Xavier Águila 0-0: Ball
1-0: Ball
2-0: Called Strike
2-1: Foul Ball, location: 2F
2-2: Ball
Wild Pitch!
Arturo Rochel to second
3-2: DOUBLE (Flyball, 8LXD)
Arturo Rochel scores
Batting: RHB Henrique Shearman 0-0: Fly out, F8 (Flyball, 8LD)
Bottom of the 3rd over - 1 run(s), 2 hit(s), 0 error(s), 1 left on base; Bloomington 1 - Scranton 4
TOP OF THE 4TH
Bloomington Longnecks batting - Pitching for Scranton Supernovas : RHP Roberto Calderón
Batting: LHB Ray Anderson 0-0: Called Strike
0-1: Ball
1-1: Called Strike
1-2: Strikes out swinging
Batting: RHB Roberto Alonzo 0-0: Ball
1-0: Fly out, F9 (Flyball, 89S)
Batting: RHB Micheal Murdoch 0-0: Ball
1-0: Ground out 6-3 (Groundball, 6)
Top of the 4th over - 0 run(s), 0 hit(s), 0 error(s), 0 left on base; Bloomington 1 - Scranton 4
BOTTOM OF THE 4TH
Scranton Supernovas batting - Pitching for Bloomington Longnecks : LHP Jim Unknown
Batting: RHB Keith MacKey 0-0: Called Strike
0-1: Ball
1-1: Ball
2-1: Foul Ball, location: 2F
2-2: Ball
3-2: Base on Balls
Batting: RHB Marty Hayden 0-0: Ball
1-0: Ball
2-0: DOUBLE (Line Drive, 7LM)
Keith MacKey to third
Batting: RHB Arturo Maldonado 0-0: Ball
1-0: Fly out, F7 (Flyball, 7LM)
Runner from 3rd tags up, SCORES, no throw
Batting: SHB Alonso Solís 0-0: Intentional Walk
Batting: LHB Francisco Ortega 0-0: Grounds into double play, 1-6-3 (Groundball, P)
Bottom of the 4th over - 1 run(s), 1 hit(s), 0 error(s), 1 left on base; Bloomington 1 - Scranton 5
TOP OF THE 5TH
Bloomington Longnecks batting - Pitching for Scranton Supernovas : RHP Roberto Calderón
Batting: RHB Noriaki Okada 0-0: DOUBLE (Line Drive, 7LM)
Batting: RHB Grady Walkinshaw 0-0: SINGLE (Flyball, 8RS)
Noriaki Okada to third
Runner from 3rd tries for Home, SAFE, no throw
Batting: LHB John Ennis 0-0: Ball
1-0: Ball
2-0: Called Strike
2-1: Foul Ball, location: 2F
2-2: Foul Ball, location: 2F
2-2: Ball
3-2: Fielders Choice at 2nd, 1-6 (Groundball, 13S)
Batting: LHB Gabriel Díaz 0-0: Ball
Balk!
John Ennis to second
1-0: Swinging Strike
1-1: Ground out 3-1 (Groundball, 34)
John Ennis to third
Batting: RHB Darrell Terwey 0-0: Ball
1-0: Ball
2-0: Ground out 4-3 (Groundball, 4MS)
Top of the 5th over - 1 run(s), 2 hit(s), 0 error(s), 1 left on base; Bloomington 2 - Scranton 5
BOTTOM OF THE 5TH
Scranton Supernovas batting - Pitching for Bloomington Longnecks : LHP Jim Unknown
Batting: RHB Pedro Rivera 0-0: Foul Ball, location: 2F
0-1: Ball
1-1: Ball
2-1: Ground out 4-3 (Groundball, 4)
Batting: RHB Arturo Rochel 0-0: Called Strike
0-1: Foul Ball, location: 2F
0-2: Ball
1-2: Ground out 5-3 (Groundball, 56)
Batting: RHB Xavier Águila 0-0: Called Strike
0-1: Ball
1-1: Ground out 1-3 (Groundball, 13)
Bottom of the 5th over - 0 run(s), 0 hit(s), 0 error(s), 0 left on base; Bloomington 2 - Scranton 5
TOP OF THE 6TH
Bloomington Longnecks batting - Pitching for Scranton Supernovas : RHP Roberto Calderón
Batting: RHB José López 0-0: Ball
1-0: Called Strike
1-1: Ball
2-1: Ground out 4-3 (Groundball, 4)
Batting: LHB Ray Anderson 0-0: Called Strike
0-1: Ball
1-1: Ground out 3-1 (Groundball, 34S)
Batting: RHB Roberto Alonzo 0-0: Ball
1-0: Ball
2-0: Foul Ball, location: 2F
2-1: Ground out 4-3 (Groundball, 4M)
Top of the 6th over - 0 run(s), 0 hit(s), 0 error(s), 0 left on base; Bloomington 2 - Scranton 5
BOTTOM OF THE 6TH
Scranton Supernovas batting - Pitching for Bloomington Longnecks : LHP Jim Unknown
Batting: RHB Henrique Shearman 0-0: Called Strike
0-1: Ground out U3 (Groundball, 3)
Batting: RHB Keith MacKey 0-0: Foul Ball, location: 2F
0-1: Ground out 5-3 (Groundball, 56)
Batting: RHB Marty Hayden 0-0: Ball
1-0: Called Strike
1-1: Ball
2-1: Fly out, F7 (Flyball, 7)
Bottom of the 6th over - 0 run(s), 0 hit(s), 0 error(s), 0 left on base; Bloomington 2 - Scranton 5
TOP OF THE 7TH
Bloomington Longnecks batting - Pitching for Scranton Supernovas : RHP Roberto Calderón
Batting: RHB Micheal Murdoch 0-0: Called Strike
0-1: Called Strike
0-2: SINGLE (Line Drive, 6MD)
Batting: RHB Noriaki Okada 0-0: Ball
1-0: Called Strike
1-1: Foul Ball, location: 2F
1-2: Fielders Choice at 2nd, 3-6 (Groundball, 34)
Batting: RHB Grady Walkinshaw 0-0: Ball
1-0: Foul Ball, location: 2F
1-1: Ball
2-1: Foul Ball, location: 2F
2-2: Fly out, F7 (Flyball, 7)
Batting: LHB John Ennis Pickoff Throw to First - Error! E1
Noriaki Okada to second
0-0: Called Strike
0-1: Called Strike
0-2: Foul Ball, location: 2F
0-2: Ball
1-2: Strikes out swinging
Top of the 7th over - 0 run(s), 1 hit(s), 1 error(s), 1 left on base; Bloomington 2 - Scranton 5
BOTTOM OF THE 7TH
Scranton Supernovas batting - Pitching for Bloomington Longnecks : LHP Jim Unknown
Batting: RHB Arturo Maldonado 0-0: Foul Ball, location: 2F
0-1: Foul Ball, location: 2F
0-2: SINGLE (Groundball, 6D)
Batting: SHB Alonso Solís 0-0: Sac Bunt - play at first, batter OUT! U3
Arturo Maldonado to second
Batting: LHB Francisco Ortega 0-0: Called Strike
0-1: Swinging Strike
0-2: Ball
1-2: Ball
2-2: Ball
3-2: Base on Balls
Batting: RHB Pedro Rivera 0-0: Ball
1-0: Ball
2-0: Called Strike
2-1: Foul Ball, location: 2F
2-2: Foul Ball, location: 2F
2-2: Fly out, F9 (Flyball, 89D)
Runner from 2nd tags up, SAFE at 3rd, no throw
Batting: RHB Arturo Rochel 0-0: Ball
1-0: Fly out, F8 (Flyball, 89D)
Bottom of the 7th over - 0 run(s), 1 hit(s), 0 error(s), 2 left on base; Bloomington 2 - Scranton 5
TOP OF THE 8TH
Bloomington Longnecks batting - Pitching for Scranton Supernovas : RHP Roberto Calderón
Batting: LHB Gabriel Díaz 0-0: Ball
1-0: Called Strike
1-1: Ball
2-1: Called Strike
2-2: Foul Ball, location: 2F
2-2: Ball
3-2: SINGLE (Line Drive, 6MD)
Batting: RHB Darrell Terwey 0-0: Ball
1-0: Called Strike
1-1: Ball
2-1: Swinging Strike
2-2: Fly out, F8 (Flyball, 8RM)
Batting: RHB José López 0-0: Ball
1-0: Ball
Wild Pitch!
Gabriel Díaz to second
2-0: Hit by Pitch
Pitching: RHP Bill Maddox
Batting: LHB Ray Anderson 0-0: TRIPLE (Line Drive, 89D)
Gabriel Díaz scores
José López scores
Batting: RHB Roberto Alonzo 0-0: Fly out, F9 (Flyball, 89S)
Runner from 3rd tags up, SCORES, no throw
Pinch Hitting: RHB Ethan Miller 0-0: Ground out 5-3 (Groundball, 56S)
Top of the 8th over - 3 run(s), 2 hit(s), 0 error(s), 0 left on base; Bloomington 5 - Scranton 5
BOTTOM OF THE 8TH
Scranton Supernovas batting - Pitching for Bloomington Longnecks : LHP Jim Unknown
Now at 3B: Dave Farr
Pinch Hitting: RHB Martín Álvarez 0-0: Ball
1-0: Called Strike
1-1: Ground out 6-3 (Groundball, 6)
Batting: RHB Henrique Shearman 0-0: Ball
1-0: Fly out, F8 (Flyball, 8LS)
Batting: RHB Keith MacKey 0-0: Ball
1-0: SINGLE (Line Drive, 8RS)
Batting: RHB Marty Hayden 0-0: Ball
1-0: Ball
2-0: Called Strike
2-1: Ball
3-1: Fly out, F9 (Line Drive, 9S)
Bottom of the 8th over - 0 run(s), 1 hit(s), 0 error(s), 1 left on base; Bloomington 5 - Scranton 5
TOP OF THE 9TH
Bloomington Longnecks batting - Pitching for Scranton Supernovas : RHP Bill Maddox
Now at 3B: Chris Henderson
Pinch Hitting: LHB Felipe López 0-0: Ball
1-0: Ground out 6-3 (Groundball, 6)
Batting: RHB Grady Walkinshaw 0-0: Ball
1-0: Ball
2-0: Ball
3-0: Called Strike
3-1: Base on Balls
Batting: LHB John Ennis 0-0: Ball
1-0: Foul Ball, location: 2F
1-1: Fly out, F9 (Line Drive, 9D)
Batting: LHB Gabriel Díaz 0-0: Foul Ball, location: 2F
0-1: Ball
1-1: Ball
2-1: Ball
3-1: Base on Balls
Grady Walkinshaw to second
Batting: RHB Darrell Terwey 0-0: Swinging Strike
0-1: Ball
1-1: Ball
2-1: Fly out, F8 (Flyball, 8RM)
Top of the 9th over - 0 run(s), 0 hit(s), 0 error(s), 2 left on base; Bloomington 5 - Scranton 5
BOTTOM OF THE 9TH
Scranton Supernovas batting - Pitching for Bloomington Longnecks : LHP Jim Unknown
Now at 2B: Albert Santos
Batting: RHB Arturo Maldonado 0-0: Ball
1-0: Ground out 4-3 (Groundball, 4)
Pitching: LHP Carl Dyess
Batting: SHB Alonso Solís 0-0: Swinging Strike
0-1: Called Strike
0-2: Ball
1-2: Strikes out swinging
Batting: LHB Francisco Ortega 0-0: Ball
1-0: Ball
2-0: Called Strike
2-1: Fly out, F6 (Flyball, 6MD)
Bottom of the 9th over - 0 run(s), 0 hit(s), 0 error(s), 0 left on base; Bloomington 5 - Scranton 5
TOP OF THE 10TH
Bloomington Longnecks batting - Pitching for Scranton Supernovas : RHP Bill Maddox
Batting: RHB José López 0-0: Ball
1-0: Ground out 5-3 (Groundball, 5L)
Pitching: RHP Cor Snel
Batting: LHB Ray Anderson 0-0: Called Strike
0-1: Foul Ball, location: 2F
0-2: Ball
1-2: Foul Ball, location: 2F
1-2: Ball
2-2: Foul Ball, location: 2F
2-2: DOUBLE (Flyball, 8RXD)
Pinch Hitting: RHB Aurelio Vázquez 0-0: Intentional Walk
Pinch Hitting: SHB Jared Jefferson 0-0: Called Strike
0-1: Fly out, F4 (Line Drive, 4)
Lined into DP, 4-6 (Line Drive, 4)
Top of the 10th over - 0 run(s), 1 hit(s), 0 error(s), 1 left on base; Bloomington 5 - Scranton 5
BOTTOM OF THE 10TH
Scranton Supernovas batting - Pitching for Bloomington Longnecks : LHP Carl Dyess
Now at C: Adrián Pueblo
Now at 3B: Cliff May
Batting: RHB Pedro Rivera 0-0: Ball
1-0: Ball
2-0: Ball
3-0: Base on Balls
Batting: RHB Arturo Rochel 0-0: Reached on error, E6 (Groundball, 6)
Pedro Rivera to second
Batting: RHB Chris Henderson 0-0: Ball
1-0: Sac Bunt - play at first, batter OUT! 1-4
Pedro Rivera to third
Arturo Rochel to second
Batting: RHB Henrique Shearman 0-0: Intentional Walk
Batting: RHB Keith MacKey 0-0: Ball
1-0: Ball
2-0: Ball
3-0: Base on Balls
Pedro Rivera scores
Arturo Rochel to third
Henrique Shearman to second
Friday, December 30th, 2016 - OOTP Baseball 17.12 Build 75